 Dungeon Crawl Stone Soup version 0.30.1-11-g7821555f0a (webtiles) character file.

Game seed: 2134512974670284058

5541 Wiggles the Cleaver (level 10, -2/91 HPs)
             Began as a Minotaur Berserker on Dec 13, 2023.
             Was a High Priest of Trog.
             Killed by the air
             ... invoked by Gastronok
              (18 damage)
             ... on level 9 of the Dungeon.
             The game lasted 00:10:51 (7125 turns).

Wiggles the Cleaver (Minotaur Berserker)            Turns: 7125, Time: 00:10:51

Health: -2/91      AC: 21    Str: 25    XL:     10   Next: 43%
Magic:  9/9        EV:  7    Int:  4    God:    Trog [*****.]
Gold:   618        SH:  9    Dex: 11    Spells: 9/9 levels left

rFire   . . .        p - +1 war axe
rCold   . . .        q - +0 kite shield {reflect}
rNeg    + . .        k - +0 plate armour
rPois   .            o - +2 hat {Will+}
rElec   .            (no cloak)
rCorr   .            (no gloves)
SInv    .            a - +0 pair of boots
Will    +....        (no amulet) Stlth
                     c - +4 ring of protection
HPRegen 0.35/turn    v - ring of positive energy
MPRegen 0.11/turn

%: reflection
@: on berserk cooldown, slowed, very slow
A: horns 2, retaliatory headbutt
a: Renounce Religion, Berserk, Trog's Hand, Brothers in Arms


You were on level 9 of the Dungeon.
You worshipped Trog.
Trog was extremely pleased with you.
You visited 1 branch of the dungeon, and saw 9 of its levels.
You also visited: Ossuary.

You collected 655 gold pieces.
You spent 37 gold pieces at shops.

Inventory:

Hand Weapons
 p - a +1 war axe (weapon)
Missiles
 d - a throwing net (quivered)
Armour
 a - a +0 pair of boots (worn)
 k - a +0 plate armour (worn)
 o - a +2 hat of willpower (worn)
 q - a +0 kite shield of reflection (worn)
Jewellery
 c - a +4 ring of protection (left hand)
 j - a ring of ice
 v - a ring of positive energy (right hand)
Wands
 i - a wand of digging (4)
 r - a wand of mindburst (10)
 D - a wand of flame (9)
Scrolls
 e - 7 scrolls of identify
 g - 3 scrolls of teleportation
 u - 2 scrolls of fog
Potions
 b - 3 potions of magic
 f - 10 potions of curing
 h - 5 potions of brilliance
 l - a potion of invisibility
 m - a potion of flight
 n - 3 potions of might
 s - 3 potions of ambrosia
 t - 2 potions of attraction
 w - a potion of resistance
 x - 2 potions of heal wounds
 z - 3 potions of degeneration
 B - a potion of haste
 C - a potion of mutation


   Skills:
 + Level 9.0 Fighting
 + Level 12.9 Axes
 + Level 8.1 Armour
 + Level 4.0 Dodging
 + Level 0.9 Stealth
 + Level 6.9 Shields


You had 9 spell levels left.
You didn't know any spells.
Your spell library was empty.

Dungeon Overview and Level Annotations

Branches:
Dungeon (9/15)             Temple (0/1) D:5         Ossuary (visited)
   Lair: D:8-11         Orc: D:9-12

Altars:
Kikubaaqudgha
Okawaru
Vehumet

Shops:
D:8 *

Annotations:
D:9 Gastronok


Innate Abilities, Weirdness & Mutations

You have a pair of horns on your head.
You reflexively headbutt those who attack you in melee.


Message History

Grum hits you but does no damage.
Gastronok mumbles some strange words.
You slash Grum!
Grum is severely wounded.
Grum hits you but does no damage.
You slash Grum!
Grum is almost dead.
Grum hits you but does no damage.
Gastronok mumbles some strange words.
You block Grum's attack.
You barely miss Grum.
Grum is almost dead.
The river rat disappears in a puff of smoke!
Grum hits you with a -1 spear!
You closely miss Grum.
Grum is almost dead.
You hit the river rat. The bat hits you but does no damage.
Grum hits you with a -1 spear! You block the river rat's attack.
Grum hits you with a -1 spear!
You slash Grum!
You kill Grum!
Trog accepts your kill.
You hit the river rat. The bat hits you but does no damage.
You block the river rat's attack. The river rat completely misses you.
The rat bites you but does no damage. The bat barely misses you.
You furiously retaliate!
You headbutt the bat.
Gastronok waves his eye-stalks in wide circles.
The air twists around and strikes you!!
* * * LOW HITPOINT WARNING * * *
The bat hits you but does no damage.
Things that are here:
a -1 spear; a +0 animal skin; the gnoll corpse of Grum The rat attacks as you move away!
The rat bites you but does no damage. The bat hits you.
* * * LOW HITPOINT WARNING * * *
The river rat bites you but does no damage.
You block the rat's attack.
Gastronok waves his eye-stalks in wide circles.
The air twists around and strikes you!!
You die...

.$...###### ..........#
#### w...?.~≈..# .....
#..~~≈~..# #.#.#
#..~≈≈~~.# ......
#....~~..########
#.#.#.##.b..†≈.........#
.....w...r..†~.........#
#.rr@...†........#
###########......#
#......# ##....##
####..#### ##.....
#...... #...... #......


You could see Gastronok, a river rat (summoned), a quokka (summoned), a bat
(summoned) and a rat (summoned).

Vanquished Creatures
  Maggie (D:7)
  Prince Ribbit (D:6)
  Sigmund (D:2)
  2 wyverns (D:8)
  Eustachio (D:6)
  Grum (D:9)
  5 yaks (D:9)
  A steam dragon (D:9)
  3 water moccasins
  Duvessa (D:6)
  2 ice beasts (D:5)
  An orc warrior (D:9)
  2 black bears
  2 ogres (D:5)
  3 wolves (D:9)
  2 centaurs
  A phantom (D:5)
  5 bullfrogs
  Blork the orc (D:6)
  2 scorpions
  Dowan (D:6)
  2 howler monkeys
  6 hounds
  3 jellies
  5 sleepcaps
  3 orc priests (D:4)
  4 iguanas
  16 orc wizards
  8 mummies (Ossuary)
  3 gnolls (D:6)
  4 adders
  A shadow imp (D:5)
  2 white imps
  2 ufetubi (D:6)
  5 worms
  2 dart slugs
  33 orcs
  A bat zombie (D:8)
  8 endoplasms
  4 giant cockroaches
  A gnoll zombie (Ossuary)
  11 goblins
  7 hobgoblins
  4 jackals
  8 quokkas
  6 ball pythons
  4 bats
  6 frilled lizards
  A goblin zombie (D:8)
  6 hobgoblin zombies (Ossuary)
  7 kobolds
  An orc zombie (Ossuary)
  A quokka zombie (D:8)
  4 rats
  A rat zombie (D:8)
219 creatures vanquished.

Notes
Turn   | Place    | Note
-------+----------+-------------------------------------------
     0 | D:1      | Wiggles the Minotaur Berserker began the quest for the Orb.
     0 | D:1      | Reached XP level 1. HP: 19/19 MP: 0/0
   138 | D:1      | Reached XP level 2. HP: 24/27 MP: 1/1
   279 | D:1      | Reached skill level 4 in Axes
   571 | D:1      | Reached XP level 3. HP: 31/33 MP: 2/2
   879 | D:2      | Found a faded altar of an unknown god.
   935 | D:2      | Noticed Sigmund
   944 | D:2      | Killed Sigmund
   945 | D:2      | Reached skill level 5 in Fighting
   945 | D:2      | Reached skill level 5 in Axes
   945 | D:2      | Reached XP level 4. HP: 42/42 MP: 3/3
   945 | D:2      | Reached XP level 5. HP: 48/48 MP: 4/4
   974 | D:2      | Reached ** piety under Trog
  1602 | D:3      | Reached skill level 6 in Axes
  1981 | D:3      | Reached XP level 6. HP: 56/56 MP: 5/5
  2348 | D:4      | Reached skill level 7 in Axes
  2497 | D:4      | Reached *** piety under Trog
  2536 | D:4      | Reached XP level 7. HP: 62/62 MP: 6/6
  2731 | D:4      | Found a radiant altar of Vehumet.
  3340 | D:5      | Entered Level 5 of the Dungeon
  3352 | D:5      | Reached skill level 8 in Axes
  3405 | D:5      | Reached skill level 1 in Shields
  3574 | D:5      | Reached skill level 9 in Axes
  3574 | D:5      | Reached XP level 8. HP: 68/71 MP: 7/7
  3721 | D:5      | Reached skill level 5 in Armour
  3829 | D:5      | Found a staircase to the Ecumenical Temple.
  4432 | D:6      | Reached skill level 10 in Axes
  4460 | D:6      | Noticed Prince Ribbit
  4467 | D:6      | Reached **** piety under Trog
  4484 | D:6      | Killed Prince Ribbit
  4777 | D:6      | Reached XP level 9. HP: 76/79 MP: 8/8
  4829 | D:6      | Noticed Eustachio
  4830 | D:6      | Noticed Blork the orc
  4837 | D:6      | Killed Blork the orc
  4964 | D:6      | Found an iron altar of Okawaru.
  5009 | D:6      | Killed Eustachio
  5010 | D:6      | Reached skill level 11 in Axes
  5152 | D:6      | Noticed Duvessa
  5152 | D:6      | Noticed Dowan
  5160 | D:6      | Killed Duvessa
  5165 | D:6      | Killed Dowan
  5627 | D:7      | Reached skill level 5 in Shields
  5705 | D:7      | Noticed Maggie
  5716 | D:7      | Killed Maggie
  6026 | D:8      | Reached skill level 12 in Axes
  6121 | D:8      | Found a sand-covered staircase.
  6140 | Ossuary  | Entered an ossuary
  6154 | Ossuary  | Reached ***** piety under Trog
  6432 | D:8      | Reached XP level 10. HP: 73/88 MP: 9/9
  6622 | D:8      | Found Jeucw's CLEARANCE SALE!.
  6629 | D:8      | Bought a wand of flame (9) for 37 gold pieces
  6649 | D:8      | Identified the +5 quarterstaff of False Accusations {heavy,
                  | *Rage +Blink Will+ Dex+3} (Trog gifted it to you on level 8
                  | of the Dungeon)
  6649 | D:8      | Received a gift from Trog
  6852 | D:8      | Found an ancient bone altar of Kikubaaqudgha.
  7086 | D:9      | Noticed Grum
  7109 | D:9      | Noticed Gastronok
  7123 | D:9      | Killed Grum
  7125 | D:9      | Killed from afar by Gastronok

Illustrated notes

Levels and vault maps discovered:
D:1:      spicycebolla_green_bress_n_ham_2, layout_basic, minmay_nonomino_d4
D:2:      layout_basic, basic_ecumenical_altar, minmay_distorted, uniq_sigmund
D:3:      layout_basic, hellmonk_no_cap
D:4:      layout_cave_pods, vehumet_crystals, grunt_ministairs_1
D:5:      layout_basic, minmay_temple_entry_glassed_door
D:6:      layout_basic, mainiacjoe_overflow_catwalk, uniq_blork_the_orc,
          uniq_eustachio, uniq_duvessa, uniq_prince_ribbit1
D:7:      layout_rooms, uniq_maggie
D:8:      layout_cave_pools, lemuel_zombie_altar_kikubaaqudgha, enter_ossuary_4,
          nicolae_shop_clearance
D:9:      layout_basic, serial_glass, glass_columns_b, glass_columns_b,
          uniq_joseph, uniq_grum, uniq_gastronok

Skill      XL: |  1  2  3  4  5  6  7  8  9 10 |
---------------+-------------------------------+-----
Fighting       | 4 5 6 7 9 |  9.0
Axes           | 4 5 6 7 9 10 12 | 12.9
Dodging        | 3 4 |  4.0
Armour         | 3 4 6 7 8 |  8.1
Shields        | 1 3 6 |  6.9
Stealth        | |  0.9

Action                     |  1- 3 |  4- 6 |  7- 9 | 10-12 || total
---------------------------+-------+-------+-------+-------++-------
  Melee: Hand axe          |    62 |    96 |       |       ||   158
         Headbutt          |     5 |    13 |    59 |    11 ||    88
         War axe           |       |    28 |   295 |    67 ||   390
 Invoke: Berserk           |     1 |     2 |     4 |     1 ||     8
    Use: Scroll            |       |       |    14 |     7 ||    21
   Stab: Sleeping          |       |     1 |       |       ||     1
 Armour: Animal skin       |    12 |     4 |       |       ||    16
         Plate armour      |       |    70 |   256 |    63 ||   389
  Dodge: Dodged            |    38 |    58 |   117 |    15 ||   228
  Block: Kite shield       |       |       |   144 |    42 ||   186
         Reflection        |       |       |     4 |     1 ||     5
